 Dungeon Crawl Stone Soup version 0.18.1-8-gdd0e5ea (webtiles) character file.

143 shmeve the Skirmisher (level 5, -2/46 HPs)
             Began as a Draconian Berserker on May 27, 2016.
             Was a Believer of Trog.
             Slain by MetaCosm's ghost (3 damage)
             ... on level 3 of the Dungeon.
             The game lasted 00:04:41 (1603 turns).

shmeve the Skirmisher (Draconian Berserker)         Turns: 1603, Time: 00:04:41

Health: -2/46      AC:  6    Str: 20    XL:     5   Next: 4%
Magic:  5/5        EV: 12    Int:  8    God:    Trog [**....]
Gold:   55         SH:  4    Dex: 10    Spells: 0 memorised, 4 levels left

rFire  . . .     SeeInvis .     j - +0 war axe
rCold  . . .     Gourm    .     (armour unavailable)
rNeg   . . .     Faith    .     i - +0 buckler
rPois  .         Spirit   .     (helmet restricted)
rElec  .         Dismiss  .     (no cloak)
rCorr  .         Reflect  .     (no gloves)
SustAt .         Harm     .     o - +0 pair of boots
MR     .....                    (no amulet)
Stlth  ..........               (no ring)
                                n - ring of loudness (curse)

@: exhausted, slowed, very slow, not resistant to hostile enchantments,
extremely unstealthy
A: unfitting armour, cold-blooded, AC +5
a: Berserk, Trog's Hand, Burn Spellbooks, Renounce Religion


You were on level 3 of the Dungeon.
You worshipped Trog.
Trog was pleased with you.
You were near starving.

You visited 1 branch of the dungeon, and saw 3 of its levels.

You collected 55 gold pieces.

Inventory:

Hand Weapons
 j - a +0 war axe (weapon)
Armour
 i - a +0 buckler (worn)
 o - a +0 pair of boots (worn)
Jewellery
 n - a cursed ring of loudness (left hand)
Scrolls
 a - a scroll of enchant weapon {unknown}
 d - 2 scrolls of identify {unknown}
 e - a scroll of enchant armour {unknown}
 h - 2 scrolls of remove curse {unknown}
 p - a scroll of immolation {unknown}
Potions
 f - 2 potions of lignification {unknown}
 k - a potion of flight {unknown}
 l - a potion of curing {unknown}
Comestibles
 b - 2 bread rations
 c - 3 beef jerkies
 g - a meat ration
 m - a slice of pizza


   Skills:
 * Level 3.7 Fighting
 * Level 3.4 Axes
 * Level 3.1 Dodging
 + Level 0.4 Stealth
 * Level 3.6 Shields


You had 4 spell levels left.
You didn't know any spells.

Dungeon Overview and Level Annotations

Branches:
Dungeon (3/15)

Altars:
Cheibriados
Dithmenos
Fedhas

Annotations:
D:3 MetaCosm's ghost, amateur SpWr


Innate Abilities, Weirdness & Mutations

Your plain brown scales are hard (AC +5).
Your body does not fit into most forms of armour.
You are cold-blooded and may be slowed by cold attacks.


Message History

* * * LOW HITPOINT WARNING * * *
Unknown command.
You miss MetaCosm's ghost.
Your tail-slap misses MetaCosm's ghost.
MetaCosm's ghost is heavily damaged.
MetaCosm's ghost hits you.
* * * LOW HITPOINT WARNING * * *
MetaCosm's ghost misses you.
You are near starving!
You slash MetaCosm's ghost!
MetaCosm's ghost's shroud falls apart!
Your tail-slap misses MetaCosm's ghost.
MetaCosm's ghost is almost destroyed.
MetaCosm's ghost hits you.
* * * LOW HITPOINT WARNING * * *
MetaCosm's ghost barely misses you.
You barely miss MetaCosm's ghost.
MetaCosm's ghost is almost destroyed.
MetaCosm's ghost mumbles some strange words.
Space distorts along a thin shroud covering MetaCosm's ghost's form.
MetaCosm's ghost hits you.
You die...

####.P.P.#...#######
##### #............#
#.####.####..#
##.####.###...##♣♣
#.............+..♣♣
#######.###.......♣
#............
#####...+... #@..#
#..(.W...#
#....#...#
#....#...# .....
#...# ##!## #?... #.
#..... . ....#.#


You could see MetaCosm's ghost.

Vanquished Creatures
  Ijyb (D:2)
  Natasha (twice) (D:2)
  2 adders
  2 worms (D:2)
  5 bats
  4 giant cockroaches (D:1)
  5 goblins
  9 hobgoblins
  4 jackals (D:3)
  A kobold (D:1)
  A ball python (D:2)
  3 giant newts (D:1)
  5 rats
44 creatures vanquished.

Notes
Turn   | Place    | Note
--------------------------------------------------------------
     0 | D:1      | shmeve the Draconian Berserker began the quest for the Orb.
     0 | D:1      | Reached XP level 1. HP: 19/19 MP: 1/1
   152 | D:1      | Reached XP level 2. HP: 20/26 MP: 2/2
   573 | D:2      | Reached XP level 3. HP: 24/33 MP: 3/3
   599 | D:2      | Found a snail-covered altar of Cheibriados.
   680 | D:2      | Reached ** piety under Trog
   680 | D:2      | Reached skill level 1 in Shields
   867 | D:2      | Noticed Natasha
   874 | D:2      | Killed Natasha
  1124 | D:2      | Found a shadowy altar of Dithmenos.
  1219 | D:2      | Reached XP level 4. HP: 40/40 MP: 4/4
  1230 | D:2      | Noticed Ijyb
  1240 | D:2      | Killed Ijyb
  1261 | D:2      | Noticed Natasha
  1269 | D:2      | Killed Natasha
  1536 | D:3      | Found a blossoming altar of Fedhas.
  1578 | D:3      | Noticed MetaCosm's ghost (amateur SpWr)
  1582 | D:3      | Reached XP level 5. HP: 27/46 MP: 5/5
  1601 | D:3      | HP: 2/46 [MetaCosm's ghost (5)]
  1603 | D:3      | Slain by MetaCosm's ghost

Skill      XL: |  1  2  3  4 |
---------------+-------------+-----
Dodging        | 3 |  3.1
Shields        | 2 3 |  3.6
Fighting       | |  3.7
Axes           | |  3.4
Stealth        | |  0.4

Action                   |  1- 3 |  4- 6 || total
-------------------------+-------+-------++-------
Melee: Hand axe          |   105 |    30 ||   135
       Tailslap          |     9 |     5 ||    14
       War axe           |       |    35 ||    35
Invok: Berserk           |     2 |     2 ||     4
 Stab: Sleeping          |     1 |       ||     1
  Eat: Chunk             |     3 |     2 ||     5
Armor: Skin              |    48 |    30 ||    78
Dodge: Dodged            |    92 |    43 ||   135
Block: Buckler           |       |     4 ||     4
